 Dungeon Crawl Stone Soup version 0.16-a0-3115-g4870798 (webtiles) character file.

20553 Ololoev the Jinx (level 12, -23/51 HPs)
             Began as a Spriggan Enchanter on Dec 13, 2014.
             Was the Champion of Okawaru.
             Hit by a large rock thrown by a stone giant (41 damage)
             ... on level 4 of the Orcish Mines.
             The game lasted 01:25:14 (14653 turns).

Ololoev the Jinx (Spriggan Enchanter)              Turns: 14653, Time: 01:25:15

Health: -23/51     AC: 14    Str:  4    XL:     12   Next: 46%
Magic:  40/43      EV: 17    Int: 27    God:    Okawaru [******]
Gold:   1417       SH:  7    Dex: 16    Spells: 8 memorised, 7 levels left

rFire  . . .     SeeInvis +     z - +3 dagger (venom)
rCold  + . .     Clarity  .     J - +2 robe {rC+}
rNeg   . . .     SustAb   .     A - +0 buckler
rPois  .         Gourm    .     E - +3 hat of Pondering {ponderous, MR+ MP+10 Int+5}
rElec  .         Spirit   .     O - +0 cloak
rCorr  .         Warding  .     (gloves unavailable)
rMut   .         Stasis   .     (boots unavailable)
MR     +++..                    y - amulet of regeneration
Stlth  +++++.....               Y - +6 ring of protection
                                m - ring of wizardry

@: very quick, extremely resistant to hostile enchantments, quite stealthy
A: unfitting armour, see invisible, herbivore 3, speed 3, slow metabolism 2
a: Heroism, Finesse, Renounce Religion


You were on level 4 of the Orcish Mines.
You worshipped Okawaru.
Okawaru was exalted by your worship.
You were not hungry.

You visited 2 branches of the dungeon, and saw 15 of its levels.
You also visited: Labyrinth.

You collected 1417 gold pieces.

Notes
Turn   | Place    | Note
--------------------------------------------------------------
     0 | D:1      | Ololoev, the Spriggan Enchanter, began the quest for the Orb.
     0 | D:1      | Reached XP level 1. HP: 9/9 MP: 4/4
   582 | D:1      | Reached XP level 2. HP: 11/13 MP: 5/7
   586 | D:1      | Learned a level 2 spell: Ensorcelled Hibernation
  1601 | D:2      | Reached XP level 3. HP: 16/16 MP: 4/11
  1606 | D:2      | Learned a level 3 spell: Confuse
  2035 | D:3      | Noticed Robin
  2410 | D:3      | Found a shadowy altar of Dithmenos.
  2625 | D:3      | Reached skill level 5 in Hexes
  2631 | D:3      | Reached XP level 4. HP: 18/21 MP: 0/15
  3126 | D:3      | Found a snail-covered altar of Cheibriados.
  3238 | D:3      | Found a shattered altar of Ashenzari.
  3328 | D:3      | Killed Robin
  3338 | D:3      | Found an iron altar of Okawaru.
  3345 | D:3      | Became a worshipper of Warmaster Okawaru
  3566 | D:3      | Noticed Ijyb
  3578 | D:3      | Reached XP level 5. HP: 24/24 MP: 15/18
  3588 | D:3      | Killed Ijyb
  3588 | D:3      | Reached skill level 6 in Hexes
  4318 | D:4      | Noticed Fyery's ghost (average HEEn)
  4345 | D:4      | Reached XP level 6. HP: 28/28 MP: 15/20
  4378 | D:4      | Killed Fyery's ghost
  4378 | D:4      | Reached skill level 5 in Stealth
  4378 | D:4      | Reached skill level 5 in Spellcasting
  4378 | D:4      | Reached skill level 7 in Hexes
  4559 | D:4      | Noticed Duvessa
  4576 | D:4      | Noticed Dowan
  4592 | D:4      | Killed Dowan
  4695 | D:4      | Killed Duvessa
  4695 | D:4      | Acquired Okawaru's first power
  4695 | D:4      | Reached XP level 7. HP: 26/32 MP: 17/23
  5122 | D:4      | Found a staircase to the Ecumenical Temple.
  5245 | D:5      | Entered Level 5 of the Dungeon
  5274 | D:5      | Reached skill level 8 in Hexes
  5604 | D:5      | Reached XP level 8. HP: 36/36 MP: 18/25
  5757 | D:6      | Reached skill level 5 in Short Blades
  5848 | D:6      | Found a sacrificial altar of Ru.
  5880 | D:6      | Found a sparkling altar of Nemelex Xobeh.
  6158 | D:6      | Found a runed door.
  6399 | D:7      | Reached skill level 9 in Hexes
  6545 | D:7      | Learned a level 4 spell: Enslavement
  7074 | D:7      | Found Voscha Muotu's Food Boutique.
  7273 | D:7      | Reached XP level 9. HP: 39/39 MP: 21/27
  7346 | D:7      | Identified the Disquisition on the Sinister Oath
  7514 | D:8      | Noticed Psyche
  7515 | D:8      | Reached skill level 10 in Hexes
  7522 | D:8      | Killed Psyche
  8360 | D:8      | Noticed Pikel
  8873 | D:8      | Killed Pikel
  8873 | D:8      | Reached skill level 11 in Hexes
  8967 | D:8      | Noticed Blork the orc
  8985 | D:8      | Killed Blork the orc
  9320 | D:9      | Found a glowing golden altar of the Shining One.
  9353 | D:9      | Reached XP level 10. HP: 44/44 MP: 24/29
  9519 | D:9      | Reached skill level 1 in Shields
  9840 | D:9      | Acquired Okawaru's second power
  9847 | D:10     | Entered Level 10 of the Dungeon
 10618 | D:10     | Noticed a hill giant
 10621 | D:10     | Killed a hill giant
 10621 | D:10     | Reached skill level 12 in Hexes
 10691 | D:11     | Noticed a hill giant
 10759 | D:11     | Killed a hill giant
 10779 | D:11     | Received a gift from Okawaru
 10795 | D:11     | Reached XP level 11. HP: 40/47 MP: 19/31
 10901 | D:10     | Identified a scroll of acquirement
 10923 | D:11     | Found a staircase to the Orcish Mines.
 10929 | D:11     | Found a staircase to the Lair.
 10958 | D:10     | Reached skill level 10 in Short Blades
 11340 | D:11     | Reached skill level 13 in Hexes
 11373 | D:11     | Noticed Nergalle
 11553 | D:11     | Killed Nergalle
 11553 | D:11     | Received a gift from Okawaru
 11718 | D:11     | Learned a level 4 spell: Throw Icicle
 11763 | D:11     | Noticed a hill giant
 11888 | D:11     | Killed a hill giant
 11888 | D:11     | Reached skill level 1 in Conjurations
 11888 | D:11     | Reached skill level 1 in Ice Magic
 12167 | D:12     | Found a labyrinth entrance.
 12193 | Lab      | Entered a labyrinth
 12879 | Lab      | Noticed a minotaur
 12898 | Lab      | Killed a minotaur
 12950 | D:12     | Learned a level 2 spell: Repel Missiles
 12953 | D:12     | Learned a level 2 spell: Blink
 12959 | D:12     | Learned a level 3 spell: Flight
 12965 | D:12     | Learned a level 3 spell: Mephitic Cloud
 13043 | D:12     | Noticed a wizard
 13043 | D:12     | Noticed a great orb of eyes
 13043 | D:12     | Noticed an unseen horror
 13114 | D:12     | Reached XP level 12. HP: 51/51 MP: 33/33
 13133 | D:12     | Received a gift from Okawaru
 13200 | Orc:1    | Entered Level 1 of the Orcish Mines
 13201 | Orc:1    | Noticed Edmund
 13229 | Orc:1    | Killed Edmund
 13373 | Orc:1    | Noticed Grum
 13404 | Orc:1    | Killed Grum
 13833 | Orc:1    | Noticed Snorg
 13845 | Orc:1    | Killed Snorg
 14225 | Orc:2    | You fall through a shaft for 2 floors!
 14225 | Orc:4    | Entered Level 4 of the Orcish Mines
 14226 | Orc:4    | Found Preahott's Weapon Shoppe.
 14264 | Orc:4    | Found Zedov's Assorted Antiques.
 14451 | Orc:4    | Found Gellemas' Assorted Antiques.
 14462 | Orc:4    | Noticed a stone giant
 14499 | Orc:4    | Killed a stone giant
 14533 | Orc:4    | Found a roughly hewn altar of Beogh.
 14594 | Orc:4    | Found Fyext's Antique Weapon Emporium.
 14604 | Orc:4    | Noticed an ettin
 14614 | Orc:4    | Noticed a stone giant
 14614 | Orc:4    | HP: 1/51 [stone giant/large rock (50)]
 14653 | Orc:4    | Hit by a large rock thrown by a stone giant

Inventory:

Hand weapons
 z - a +3 dagger of venom (weapon)
Armour
 A - a +0 buckler (worn)
 E - the +3 hat of Pondering (worn) {ponderous, MR+ MP+10 Int+5}
   (You acquired it on level 10 of the Dungeon)

   It affects your intelligence (+5).
   It affects your resistance to hostile enchantments.
   It affects your magic capacity (+10).
 J - a +2 robe of cold resistance (worn)
 O - a +0 cloak (worn)
Magical staves
 K - an uncursed staff of wizardry
Jewellery
 m - a ring of wizardry (left hand)
 y - an amulet of regeneration (around neck)
 Y - a +6 ring of protection (right hand)
Magical devices
 F - a wand of fireball (6)
 H - a wand of disintegration (12)
 R - a wand of cold (9)
 V - a wand of fire (9)
Scrolls
 f - 4 scrolls of blinking
 j - 2 scrolls of magic mapping
 k - 2 scrolls of amnesia
 n - 2 scrolls of teleportation
 o - 2 scrolls of enchant armour
 s - 4 scrolls of immolation
 u - 2 scrolls of fear
 G - 7 scrolls of remove curse
 X - a scroll of recharging
Potions
 a - a potion of lignification {unknown}
 b - a potion of agility
 e - a potion of might {unknown}
 g - 2 potions of heal wounds {unknown}
 h - 5 potions of restore abilities
 i - a potion of magic {unknown}
 l - a potion of cancellation {unknown}
 p - a potion of invisibility {unknown}
 q - a potion of cure mutation {unknown}
 r - a potion of haste {unknown}
 t - 5 potions of curing
 D - 2 potions of flight {unknown}
 P - a potion of brilliance {unknown}
Comestibles
 d - 8 bread rations
 L - 6 slices of pizza

Table legend:
 A = Turns spent in this place as a percentage of turns spent in the entire game.
 B = Non-inter-level travel turns spent in this place as a percentage of non-inter-level travel turns spent in the entire game.
 C = Inter-level travel turns spent in this place as a percentage of turns spent in this place.
 D = Turns resting spent in this place as a percentage of non-inter-level travel turns spent in this place.
 E = Turns spent auto-exploring this place as a percentage of non-inter-level travel turns spent in this place.
 F = Non-inter-level travel turns spent in this place divided by the number of levels of this place that you've seen.
                   A       B       C       D       E      F
               +-------+-------+-------+-------+-------+----------------------
         Total | 100.0 | 100.0 |   0.4 |   4.3 |   8.1 | 348.2
       Dungeon |  69.0 |  68.9 |   0.5 |   5.9 |   9.8 | 320.1
  Orcish Mines |  18.1 |  18.1 |   0.2 |   0.5 |   7.0 | 336.3
     Labyrinth |  12.9 |  13.0 |   0.0 |   1.2 |   0.0 | 722.0
               +-------+-------+-------+-------+-------+----------------------


   Skills:
 - Level 11.4 Short Blades
 - Level 3.0 Dodging
 - Level 9.3 Stealth
 - Level 4.3 Shields
 - Level 9.7 Spellcasting
 * Level 4.3 Conjurations
 + Level 13.9 Hexes
 * Level 4.8 Ice Magic


You had 7 spell levels left.
You knew the following spells:

 Your Spells              Type           Power        Failure   Level  Hunger
a - Throw Icicle          Conj/Ice       #####...     4%          4    None
b - Ensorcelled Hibernat  Hex/Ice        ######       1%          2    None
c - Confuse               Hex            ######..     1%          3    None
d - Enslavement           Hex            ######..     1%          4    None
e - Repel Missiles        Chrm/Air       ##....       4%          2    None
f - Blink                 Tloc           N/A          4%          2    None
g - Flight                Chrm/Air       ##........   7%          3    None
h - Mephitic Cloud        Conj/Pois/Air  ###.....     4%          3    None


Dungeon Overview and Level Annotations

Branches:
Dungeon (12/15)            Temple (0/1) D:4            Lair (0/8) D:11
    Orc (4/4) D:11
    Elf: Orc:3-4

Altars:
Ashenzari
Cheibriados
Dithmenos
Nemelex Xobeh
Okawaru
Ru
The Shining One
Beogh

Shops:
D:7 %   Orc:4 (**(

Annotations:
D:6 runed door


Innate Abilities, Weirdness & Mutations

You are tiny and cannot use many weapons and most armour.
You have supernaturally acute eyesight.
You are a herbivore.
You cover ground extremely quickly.
You need consume almost no food.


Message History

Confirm with . or Enter, or press ? or * to list all spells.
Aiming: Confuse
Press: ? - help, Shift-Dir - straight line, f - ettin, p - cyclops
Aim: an ettin, wielding two dire flails The ettin appears confused.
Something hits the fungus.
The cyclops barely misses the orc priest.
Casting: Confuse
Confirm with . or Enter, or press ? or * to list all spells.
Okay, then.
The orc priest gestures wildly.
A cyclops and a stone giant come into view.
Casting: Confuse
Confirm with . or Enter, or press ? or * to list all spells.
Aiming: Confuse
Press: ? - help, Shift-Dir - straight line, f - cyclops, p - ettin
Aim: a cyclops (hasn't noticed you)
The orc warrior appears confused.
The orc warrior hits the cyclops with a dire flail of protection.
The stone giant throws a large rock.
The large rock hits you!!!
Ouch! That really hurt!
The orc priest hits the fungus.
The orc warrior hits the cyclops with a dire flail of protection!!
A cyclops comes into view.
Things that are here:
a hand axe; a ring mail Okawaru accepts your kill.
You feel a bit more experienced.
Things that are here:
a hand axe; a ring mail; an orc skeleton
There is a stone staircase leading up here.
You start resting.
Casting: Confuse
Confirm with . or Enter, or press ? or * to list all spells.
Aiming: Confuse
Press: ? - help, Shift-Dir - straight line, f - stone giant
Aim: a stone giant The stone giant easily resists.
The stone giant throws a large rock.
The large rock hits you!!!
Ouch! That really hurt!
You die...

#...........)........
##...................
#...........).....)..
##.........)....#)..÷
#..........C.........
#......)......#.∩.#).
#.......).........)..
#......)........#....
##..@..).............
##.................#.
#..#.#.............#.
#...∩................
##.#.#...............
##....)).............
#....................
#....................
##............. .<.


You could see a stone giant.

Table legend:
 A = Kills in this place as a percentage of kills in entire the game.
 B = Kills by you in this place as a percentage of kills by you in the entire game.
 C = Kills by friends in this place as a percentage of kills by friends in the entire game.
 D = Other kills in this place as a percentage of other kills in the entire game.
 E = Experience gained in this place as a percentage of experience gained in the entire game.
 F = Experience gained in this place divided by the number of levels of this place that you have seen.
                   A       B       C       D       E      F
               +-------+-------+-------+-------+-------+----------------------
         Total | 100.0 | 100.0 | 100.0 | 100.0 | 100.0 | 1835.1
       Dungeon |  74.3 |  74.2 | 100.0 |  62.5 |  70.4 | 1723.2
  Orcish Mines |  24.3 |  24.6 |   0.0 |  25.0 |  21.5 | 2108.3
     Labyrinth |   1.4 |   1.2 |   0.0 |  12.5 |   8.0 | 2358.0
               +-------+-------+-------+-------+-------+----------------------

Vanquished Creatures
  A stone giant (Orc:4)
  Snorg (Orc:1)
  A minotaur (Lab)
  Nergalle (D:11)
  Pikel (D:8)
  3 hill giants
  An orc knight (Orc:1)
  A centaur zombie (D:12)
  2 gargoyles (Lab)
  Psyche (D:8)
  2 trolls
  3 basilisks
  The ghost of Fyery the Sneak, an average HEEn of Vehumet (D:4)
  4 slime creatures (D:12)
  19 yaks
  2 trapdoor spiders
  A deep elf mage (D:10)
  A wyvern (D:10)
  A hog (D:9)
  A human (D:9)
  Grum (Orc:1)
  5 wargs
  3 hippogriffs
  A vampire mosquito (D:11)
  4 wolves (Orc:1)
  Edmund (Orc:1)
  11 orc warriors
  4 porcupines (D:11)
  A necrophage (D:10)
  A yellow wasp (D:11)
  2 ice beasts
  4 crocodiles
  6 ogres
  8 centaurs
  Duvessa (D:4)
  6 giant frogs
  Blork the orc (D:8)
  A gnoll sergeant (D:8)
  An earth elemental (Lab)
  3 scorpions
  11 killer bees
  2 crimson imps
  A goliath beetle (D:9)
  12 orc priests
  Dowan (D:4)
  10 hounds
  2 giant frog skeletons
  3 centaur skeletons
  A jelly (D:6)
  20 orc wizards
  14 worker ants
  A sheep (D:9)
  Ijyb (D:3)
  3 hound skeletons
  A worker ant zombie (D:5)
  Robin (D:3)
  6 adders
  5 gnolls (D:8)
  2 river rats (D:11)
  3 giant mites
  4 worms
  An adder zombie (D:8)
  2 oozes (D:6)
  106 orcs
  A ball python (D:4)
  10 bats
  5 giant cockroaches
  36 goblins
  10 hobgoblins
  7 jackals
  6 quokkas
  6 giant geckos
  6 giant newts
  11 kobolds
  7 rats
  4 ballistomycetes
  5 fungi (Orc:4)
440 creatures vanquished.

Vanquished Creatures (collateral kills)
  An orc wizard (D:7)
  4 orcs
  2 giant spores
7 creatures vanquished.

Vanquished Creatures (others)
  A wight (D:11)
  A giant spore (D:7)
2 creatures vanquished.

Grand Total: 449 creatures vanquished

Action                   |  1- 3 |  4- 6 |  7- 9 | 10-12 || total
-------------------------+-------+-------+-------+-------++-------
Melee: Dagger            |   153 |   163 |   273 |   609 ||  1198
       Rapier            |       |       |    29 |     8 ||    37
       Short sword       |       |       |       |    35 ||    35
 Cast: Corona            |     7 |       |       |       ||     7
       Ensorcelled Hiber |    14 |    44 |    63 |    94 ||   215
       Confuse           |       |    12 |    43 |   101 ||   156
       Enslavement       |       |       |     1 |     6 ||     7
  Use: Scroll            |       |     5 |     3 |    14 ||    22
       Potion            |       |       |       |     1 ||     1
 Stab: Sleeping          |    15 |    36 |    46 |    79 ||   176
       Confused          |       |     8 |    23 |    52 ||    83
       Distracted        |       |       |     2 |     1 ||     3
  Eat: Royal jelly       |       |     1 |       |       ||     1
       Bread ration      |       |     1 |     1 |       ||     2
       Fruit             |       |       |       |     2 ||     2
       Pizza             |       |       |       |     2 ||     2

Vault maps used:
D:1:      minmay_arrival_open_corners
D:2:      first_bread
D:3:      kennysheep_goblin_castle, overflow_temple_1_default,
          grunt_dithmenos_smoke_and_mirrors, lemuel_doored_altar,
          okawaru_ov_weapons_minmay, minmay_unequal, uniq_iyjb, uniq_robin
D:4:      minmay_temple_entry_nine_rooms, corexii_hall_statues_l, uniq_duvessa
D:6:      old_standard_altar, lemuel_round_altar, serial_park_tiny_pond,
          hangedman_jelly_panic
D:7:      serial_shops, kennysheep_little_box
D:8:      uniq_pikel, uniq_blork_the_orc, uniq_psyche
D:9:      kennysheep_mini_moat, grunt_livestock
D:11:     minmay_opposing_rooms, minmay_lair_entry_grove, david_orc_3,
          uniq_nergalle
D:12:     lab_entry_generic, minivault_28
Orc:1:    uniq_grum, uniq_edmund, uniq_snorg
Orc:2:    nicolae_orc_lava_tube, abandoned_shop, uniq_gastronok
Orc:4:    serial_shops, nicolae_shop_stone, nicolae_shop_crystal,
          nicolae_shop_overgrown_old_shop, basic_altar, grunt_orc_gardens,
          grunt_orc_garden, grunt_orc_garden, grunt_orc_garden,
          grunt_orc_garden, uniq_donald
Lab:      labyrinth_watery, nicolae_lab_garden, nicolae_lab_diamond
